 Dungeon Crawl Stone Soup version 0.28.0-53-g5a82cb258f (webtiles) character file.

Game seed: 14374499059597087020

1595 Peloso the Covered (level 8, -27/70 HPs)
             Began as a Minotaur Fighter on June 10, 2022.
             Was an Initiate of Okawaru.
             Killed from afar by Joseph (40 damage)
             ... with a bolt of acid
             ... on level 7 of the Dungeon.
             The game lasted 00:10:00 (5959 turns).

Peloso the Covered (Minotaur Fighter)               Turns: 5959, Time: 00:10:00

Health: -27/70     AC:  5    Str: 20    XL:     8   Next: 62%
Magic:  7/7        EV: 11    Int:  5    God:    Okawaru [......]
Gold:   405        SH:  6    Dex: 17    Spells: 7/7 levels left

rFire   + . .      SeeInvis .   b - +8 mace "Qaile" {freeze, rC+ Will+ Dex+4}
rCold   + . .      Faith    .   c - +0 buckler
rNeg    . . .      Spirit   .   p - +0 scale mail
rPois   .          Reflect  .   (helmet restricted)
rElec   .          Harm     .   (no cloak)
rCorr   .          Rampage  .   B - +0 pair of gloves
Will    +....                   (no boots)
Stlth   ..........              (no amulet)
HPRegen 0.21/turn               x - +4 ring of protection
MPRegen 0.10/turn               j - ring of protection from fire

@: corroded
A: horns 2, retaliatory headbutt
a: Renounce Religion


You were on level 7 of the Dungeon.
You worshipped Okawaru.
Okawaru was noncommittal.
You visited 2 branches of the dungeon, and saw 8 of its levels.
You also visited: Sewer.

You collected 405 gold pieces.

Inventory:

Hand Weapons
 a - a +0 long sword of freezing
 b - the +8 mace "Qaile" (weapon) {freeze, rC+ Will+ Dex+4}
   (You found it on level 3 of the Dungeon)

   It freezes those it strikes, dealing additional cold damage.
   It can also slow down cold-blooded creatures.
   Dex:       It affects your dexterity (+4).
   rC:        It protects you from cold.
   Will:      It increases your willpower.
Armour
 c - a +0 buckler (worn)
 p - a +0 scale mail (worn)
 B - a +0 pair of gloves (worn)
Jewellery
 g - a ring of resist corrosion
 i - a ring of willpower
 j - a ring of protection from fire (right hand)
 l - a ring of protection from cold
 x - a +4 ring of protection (left hand)
Wands
 w - a wand of mindburst (9)
Scrolls
 m - 4 scrolls of teleportation
 r - a scroll of blinking {unknown}
 s - 2 scrolls of amnesia
 t - a scroll of silence {unknown}
 v - a scroll of immolation
 y - a scroll of magic mapping
 C - a scroll of holy word {unknown}
Potions
 d - 2 potions of might
 f - 2 potions of curing
 h - 2 potions of haste
 k - a potion of berserk rage {unknown}
 n - 4 potions of mutation {unknown}
 o - a potion of resistance
 q - a potion of heal wounds {unknown}
 u - 2 potions of brilliance {unknown}
 z - a potion of flight {unknown}
 A - a potion of attraction {unknown}


   Skills:
 + Level 5.9 Fighting
 + Level 5.0 Long Blades
 + Level 6.9 Maces & Flails
 + Level 7.5 Armour
 + Level 3.2 Dodging
 + Level 0.4 Stealth
 + Level 5.5 Shields


You had 7 spell levels left.
You didn't know any spells.
Your spell library contained the following spells:

 Spells                   Type           Power      Damage    Failure   Level
 Foxfire                  Conj/Fire      0%         2x1d4     86%         1
 Ensorcelled Hibernation  Hex/Ice        0%         N/A       95%         2
 Passwall                 Tmut/Erth      0%         N/A       95%         2
 Conjure Flame            Conj/Fire      0%         6-21      99%         3
 Dazzling Flash           Conj/Hex       0%         N/A       99%         3
 Inner Flame              Hex/Fire       0%         N/A       99%         3
 Stone Arrow              Conj/Erth      0%         3d7       99%         3
 Swiftness                Air            0%         N/A       99%         3
 Anguish                  Hex/Necr       0%         N/A       100%        4
 Flame Wave               Conj/Fire      0%         2d4       100%        4
 Iskenderun's Mystic Bla  Conj/Tloc      0%         2d3       100%        4
 Alistair's Intoxication  Tmut/Pois      0%         N/A       100%        5
 Borgnjor's Vile Clutch   Necr/Erth      0%         N/A       100%        5
 Eringya's Noxious Bog    Tmut/Pois      0%         N/A       100%        6
 Starburst                Conj/Fire      0%         6d3       100%        6
 Enfeeble                 Hex            0%         N/A       100%        7
 Lehudib's Crystal Spear  Conj/Erth      0%         10d2      100%        8
 Tukima's Dance           Hex            Unusable   N/A       N/A         3
 Animate Armour           Summ/Erth      Unusable   N/A       N/A         4

Dungeon Overview and Level Annotations

Branches:
Dungeon (7/15)             Temple (1/1) D:7           Sewer (visited)

Altars:
Ashenzari
Dithmenos
Elyvilon
Fedhas
Gozag
Hepliaklqana
Kikubaaqudgha
Makhleb
Nemelex Xobeh
Okawaru
Qazlal
Ru
Sif Muna
Xom
Yredelemnul

Shops:
D:5 *   D:6 (

Annotations:
D:4 2 transporters
D:7 Joseph


Innate Abilities, Weirdness & Mutations

You have a pair of horns on your head.
You reflexively headbutt those who attack you in melee.


Message History

You sock the ice beast!
The ice beast is almost dead.
The ice beast hits you but does no damage.
You sock the ice beast!
You kill the ice beast!
Okawaru accepts your kill.
You start resting.
HP restored.
There is a stone staircase leading down here.
You climb downwards.
Level annotation: Joseph Joseph shoots a sling bullet.
The sling bullet hits you but does no damage.
There is a stone staircase leading up here.
Joseph smiles happily.
You sock Joseph! You freeze Joseph.
Joseph is lightly wounded.
Joseph unwields a +0 hunting sling.
Joseph wields a +0 quarterstaff.
Joseph closely misses you.
You sock Joseph! You freeze Joseph. You headbutt Joseph!
Joseph is heavily wounded.
You block Joseph's attack.
You thump Joseph! You freeze Joseph. You headbutt Joseph.
Joseph is severely wounded.
Joseph zaps a wand.
The bolt of acid hits you!! The acid corrodes you!
You closely miss Joseph. You headbutt Joseph.
Joseph is severely wounded.
You block Joseph's attack.
You hit Joseph. You freeze Joseph.
Joseph is almost dead.
Joseph zaps a wand.
The bolt of acid hits you!! The acid corrodes you!
You hit Joseph but do no damage. Your headbutt misses Joseph.
Joseph is almost dead.
Joseph hits you with a +0 quarterstaff!
* * * LOW HITPOINT WARNING * * *
You hit Joseph. You freeze Joseph. You headbutt Joseph, but do no damage.
Joseph is almost dead.
Joseph zaps a wand.
The bolt of acid hits you!!!
Ouch! That really hurt!
You die...

#[##......###
#.##..###...#
#.........#.#
#####..#.....# #+##
#..........§.# ##...##
#.###.##..§§.###.....##
#.##..§..##.......##
#.<......#.........#
#.####.@@....'.........+
#.........####.........#
######.#.## ##.......##
#.### ##.....## #.#
##...## #.# #+## #.#
#.######## #........#


You could see Joseph.

Vanquished Creatures
  A black bear (D:6)
  2 ice beasts
  A sky beast (D:6)
  An ogre (D:6)
  3 bullfrogs
  A scorpion (D:6)
  3 howler monkeys (D:5)
  A jelly (D:6)
  A centaur skeleton (D:5)
  2 bullfrog skeletons (D:5)
  A gnoll shaman (D:5)
  3 hounds
  7 iguanas
  A hound zombie (D:5)
  A hound skeleton (D:5)
  5 gnolls (D:5)
  A howler monkey skeleton (D:6)
  11 adders
  A shadow imp (D:6)
  A white imp (D:5)
  An ufetubus (D:5)
  2 adder skeletons (D:4)
  A worm (D:2)
  2 dart slugs (D:1)
  2 orcs
  8 endoplasms
  15 giant cockroaches
  4 goblins
  7 hobgoblins
  4 jackals (D:5)
  4 kobolds
  13 quokkas
  22 ball pythons
  7 bats
  12 frilled lizards
  5 rats
157 creatures vanquished.

Notes
Turn   | Place    | Note
-------+----------+-------------------------------------------
     0 | D:1      | Peloso the Minotaur Fighter began the quest for the Orb.
     0 | D:1      | Reached XP level 1. HP: 19/19 MP: 0/0
   417 | D:1      | Reached XP level 2. HP: 27/27 MP: 1/1
   444 | D:1      | Found a faded altar of an unknown god.
   520 | D:1      | Reached skill level 4 in Armour
  1266 | D:2      | Reached XP level 3. HP: 30/33 MP: 2/2
  1481 | D:2      | Found a hazy altar of Hepliaklqana.
  1617 | D:3      | Found a glowing drain.
  1621 | Sewer    | Entered a sewer
  1675 | Sewer    | Reached XP level 4. HP: 40/40 MP: 3/3
  1915 | Sewer    | Reached skill level 5 in Armour
  2093 | Sewer    | Reached XP level 5. HP: 31/46 MP: 4/4
  2283 | Sewer    | Reached skill level 1 in Dodging
  2296 | Sewer    | Reached XP level 6. HP: 36/53 MP: 5/5
  2606 | D:3      | Identified the +8 mace "Qaile" {freeze, rC+ Will+ Dex+4}
  3232 | D:4      | Found a transporter.
  3300 | D:4      | Found a transporter.
  3731 | D:4      | Reached skill level 1 in Maces & Flails
  3826 | D:4      | Noticed a fire bat
  3861 | D:5      | Entered Level 5 of the Dungeon
  3868 | D:5      | Reached skill level 6 in Armour
  3870 | D:5      | Reached skill level 5 in Long Blades
  4052 | D:5      | Reached XP level 7. HP: 60/60 MP: 6/6
  4280 | D:5      | Reached skill level 5 in Fighting
  4280 | D:5      | Reached skill level 5 in Shields
  4545 | D:5      | Found Onipta Arogg's Overcharged Wands.
  4608 | D:5      | Found a sparkling altar of Nemelex Xobeh.
  4611 | D:5      | Found a stormy altar of Qazlal.
  4785 | D:6      | Identified the +2 robe of the Equator {Regen+ Str+4}
  4928 | D:6      | Reached skill level 7 in Armour
  4928 | D:6      | Reached XP level 8. HP: 60/68 MP: 7/7
  5022 | D:6      | Reached skill level 5 in Maces & Flails
  5027 | D:6      | Found Neimadomi's Antique Weapon Shoppe.
  5253 | D:6      | Found a basalt altar of Yredelemnul.
  5475 | D:7      | Found a staircase to the Ecumenical Temple.
  5522 | Temple   | Entered the Ecumenical Temple
  5566 | Temple   | Became a worshipper of Warmaster Okawaru
  5581 | D:7      | Noticed Joseph
  5587 | D:7      | HP: 2/70 [Joseph/sling bullet (19)]
  5959 | D:7      | Killed from afar by Joseph

Illustrated notes

Levels and vault maps discovered:
D:1:      minmay_arrival_up_and_down, layout_loops_ring,
          hellmonk_ecumenical_altar_heavens_door
D:2:      layout_rooms, basic_altar
D:3:      minmay_wonky_spiral, layout_loops_ring, gup_sewer_entry_bowl
D:4:      gammafunk_cloud_chamber, layout_basic
D:5:      layout_basic, nicolae_overflow_squiral, nicolae_shop_overcharged_wands
D:6:      layout_rooms, mainiacjoe_overflow_six_doors_small, serial_shops,
          kennysheep_mini
D:7:      layout_loops_corners, minmay_temple_entry_purple_smoke, minivault_22,
          uniq_menkaure, uniq_joseph
Temple:   mainiacjoe_temple_coin_purse

Skill      XL: |  1  2  3  4  5  6  7  8 |
---------------+-------------------------+-----
Armour         | 4 5 6 7 |  7.5
Fighting       | 4 5 |  5.9
Shields        | 4 5 |  5.5
Long Blades    | 3 4 5 |  5.0
Dodging        | 1 2 3 |  3.2
Maces & Flails | 2 4 6 |  6.9
Stealth        | |  0.4

Action                   |  1- 3 |  4- 6 |  7- 9 || total
-------------------------+-------+-------+-------++-------
Melee: Long sword        |    90 |   117 |       ||   207
       Headbutt          |     6 |    29 |    20 ||    55
       Mace              |       |    46 |   102 ||   148
  Use: Scroll            |     5 |       |     2 ||     7
       Potion            |     1 |       |       ||     1
Armor: Scale mail        |    67 |    91 |    53 ||   211
Dodge: Dodged            |    43 |    88 |    64 ||   195
Block: Buckler           |    33 |    67 |    24 ||   124
